 Dungeon Crawl Stone Soup version 0.21-a0-244-gd4adca8 (webtiles) character file.

9571 JackS81 the Archer (level 11, -54/100 (101) HPs)
             Began as a Centaur Hunter on Sept 5, 2017.
             Was a High Priest of Okawaru.
             Killed from afar by a frost giant (58 damage)
             ... with a bolt of cold
             ... on level 11 of the Dungeon on Sept 6, 2017.
             The game lasted 01:18:57 (10360 turns).

JackS81 the Archer (Centaur Hunter)                Turns: 10360, Time: 01:18:58

HP:   -54/100 (101) AC: 11    Str: 16    XL:     11   Next: 24%
MP:   11/13         EV: 10    Int: 10    God:    Okawaru [*****.]
Gold: 608           SH:  0    Dex: 12    Spells: 10/10 levels left

rFire    . . .     SeeInvis +   a - +2 shortbow
rCold    . . .     Gourm    .   (shield currently unavailable)
rNeg     + . .     Faith    .   g - +3 scale mail {rPois}
rPois    +         Spirit   .   (no helmet)
rElec    .         Reflect  .   (no cloak)
rCorr    .         Harm     .   (no gloves)
MR       +....     Clarity  +   (no barding)
Stlth    +.........             (no amulet)
HPRegen  0.26/turn              P - ring of positive energy
MPRegen  0.13/turn              (no ring)

@: heroism, very quick
A: hooves 3, see invisible, clarity, deformed body, speed 2, low mp 1, magic
resistance 1, tough skin 3
a: Heroism, Finesse, Renounce Religion


You were on level 11 of the Dungeon.
You worshipped Okawaru.
Okawaru was extremely pleased with you.
You were not hungry.

You visited 3 branches of the dungeon, and saw 13 of its levels.

You collected 608 gold pieces.

Inventory:

Hand Weapons
 a - a +2 shortbow (weapon)
 q - a +1 short sword of draining
 s - a +1 flail of holy wrath
 t - a +2 spear of pain
 C - a +2 morningstar of holy wrath
 J - a +1 dire flail of holy wrath
 N - a +0 fustibalus
Missiles
 d - 86 arrows (quivered)
 e - 355 stones
 n - 9 javelins
Armour
 c - a +0 leather armour
 g - a +3 scale mail of poison resistance (worn)
 A - the +1 leather armour of Pessimism {rCorr Str+4}
   (You found it on level 4 of the Dungeon)

   It affects your strength (+4).
   It protects you from acid and corrosion.
 F - a +1 leather armour of cold resistance
 M - a +0 plate armour
Magical Staves
 b - an uncursed staff of energy {unknown}
 R - an uncursed staff of power {unknown}
Jewellery
 o - an uncursed ring of wizardry
 z - a +6 ring of intelligence
 P - a ring of positive energy (left hand)
 Q - an uncursed ring of fire
 T - an uncursed ring of see invisible
Wands
 l - a wand of paralysis (8/24)
 y - a wand of digging (20/24)
 W - a wand of iceblast (6/15)
Scrolls
 h - 2 scrolls of magic mapping
 j - 2 scrolls of enchant armour
 k - 3 scrolls of recharging
 p - 3 scrolls of amnesia
 v - 2 scrolls of remove curse
 x - a scroll of noise
 D - a scroll of teleportation
 E - 4 scrolls of identify
 I - a scroll of fog
 O - a scroll of fear
Potions
 i - 3 potions of heal wounds
 r - 4 potions of curing
 B - 3 potions of lignification
 G - 3 potions of might
 H - a potion of agility
 L - a potion of mutation
 U - a potion of invisibility
Books
 w - a book of Callings

   Spells                             Type                      Level
   a - Summon Small Mammal            Summoning                    1
   b - Call Imp                       Summoning                    2
   c - Call Canine Familiar           Summoning                    3
   d - Summon Guardian Golem          Hexes/Summoning              3
   e - Summon Lightning Spire         Summoning/Air                4
   f - Summon Ice Beast               Ice/Summoning                4
 K - a book of Misfortune

   Spells                             Type                      Level
   a - Confusing Touch                Hexes                        1
   b - Confuse                        Hexes                        3
   c - Gell's Gravitas                Translocation                3
   d - Petrify                        Transmutation/Earth          4
   e - Metabolic Englaciation         Hexes/Ice                    5
   f - Yara's Violent Unravelling     Hexes/Transmutation          5
Comestibles
 f - 6 bread rations
 m - 4 meat rations
 u - 2 royal jellies
 S - 2 fruits
 V - a chunk of flesh


   Skills:
 + Level 10.3(15.3) Fighting
 - Level 14.1(19.1) Bows
 * Level 5.9(10.9) Armour
 - Level 1.3(6.3) Dodging
 - Level 0.4(5.4) Stealth
 * Level 2.2(7.2) Unarmed Combat
 * Level 5.8 Invocations


You had 10 spell levels left.
You didn't know any spells.

Dungeon Overview and Level Annotations

Branches:
Dungeon (11/15)            Temple (1/1) D:6            Lair (1/6) D:9
    Orc (0/2) D:9

Altars:
Ashenzari
Cheibriados
Dithmenos
Elyvilon
Fedhas
Gozag
Hepliaklqana
Kikubaaqudgha
Makhleb
Nemelex Xobeh
Okawaru
Qazlal
Ru
Sif Muna
Trog
Uskayaw
Vehumet
Wu Jian
Xom
Yredelemnul
Zin
The Shining One

Shops:
D:5 [   D:6 *

Annotations:
D:9 exclusion: oklob plant


Innate Abilities, Weirdness & Mutations

You have hooves in place of feet.
Armour fits poorly on your strangely shaped body.
You cover ground very quickly.
You have extremely tough skin. (AC +3)
You have supernaturally acute eyesight. (SInv)
You possess an exceptional clarity of mind.
Your magical capacity is low. (-10% MP)
You are resistant to hostile enchantments. (MR+)


Message History

You shoot an arrow. The arrow hits the frost giant!
The frost giant is heavily wounded.
Firing (i - inventory. (,) - cycle):
d - 88 arrows (quivered)
Press: ? - help, Shift-Dir - straight line, f/p - frost giant
Aim: a frost giant, wielding a battleaxe of freezing (heavily wounded)
You shoot an arrow. The arrow hits the frost giant.
The frost giant is heavily wounded.
Firing (i - inventory. (,) - cycle):
d - 87 arrows (quivered)
Press: ? - help, Shift-Dir - straight line, f/p - frost giant
Aim: a frost giant, wielding a battleaxe of freezing (heavily wounded)
You shoot an arrow.
The arrow hits the frost giant but does no damage.
The frost giant is heavily wounded.
The frost giant casts a spell at you. The bolt of cold hits you!
* * * LOW HITPOINT WARNING * * *
The frost giant casts a spell at you. The bolt of cold hits you!
Ouch! That really hurt!
You die...

#.....#....(.......#
#....[#....(.......#
#.....'...(........#
#.....#..C##########
#.....#...##.......#
#.....#...##.......#
#.....#...##.......#
#.....#............#
#.....#..@################
#.....#...#...............
#.#...#...#...#...........
#.....#.).#...#.....#.....
#.....###'#...#.....#..###
#...........<.#........###
#.###..###....#...........
#.# #..# #................
#.###..###................


You could see a frost giant.

Vanquished Creatures
  2 two-headed ogres
  Pikel (D:7)
  An ugly thing (D:11)
  A cyclops (D:11)
  2 centaur skeletons
  A troll (D:10)
  Prince Ribbit (D:7)
  A hungry ghost (D:11)
  A steam dragon (D:9)
  Edmund (D:5)
  A slave (D:7)
  5 sky beasts
  10 ice beasts
  3 necrophages
  2 orc warriors
  2 black bears
  A phantom (D:8)
  5 ogres
  4 centaurs
  5 bullfrogs
  5 scorpions
  17 killer bees
  A wight (D:8)
  An electric eel (D:9)
  A jelly (D:7)
  A howler monkey (D:6)
  2 crimson imps
  4 hounds
  A centaur zombie (D:11)
  4 orc priests
  A gnoll shaman (D:5)
  16 orc wizards
  A bullfrog skeleton (D:5)
  Jessica (D:7)
  5 iguanas
  4 worker ants
  Natasha (D:3)
  2 worker ant zombies
  8 gnolls
  12 adders
  2 shadow imps
  An ooze (D:1)
  An adder zombie (D:7)
  2 adder skeletons
  2 worms
  A dart slug (D:3)
  4 leopard geckos
  37 orcs
  3 ball pythons
  7 giant cockroaches
  8 goblins
  13 hobgoblins
  11 jackals
  5 quokkas
  8 bats
  5 frilled lizards
  6 kobolds
  9 rats
263 creatures vanquished.

Vanquished Creatures (others)
  2 slaves (D:7)
  A howler monkey (D:8)
  A hound (D:7)
  An orc wizard (D:10)
  A hound zombie (D:7)
6 creatures vanquished.

Grand Total: 269 creatures vanquished

Notes
Turn   | Place    | Note
-------+----------+-------------------------------------------
     0 | D:1      | JackS81 the Centaur Hunter began the quest for the Orb.
     0 | D:1      | Reached XP level 1. HP: 17/17 MP: 1/1
   197 | D:1      | Reached XP level 2. HP: 13/24 MP: 2/2
   241 | D:1      | Reached skill level 6 in Bows
   473 | D:1      | Reached XP level 3. HP: 29/29 MP: 3/3
   655 | D:2      | Found a faded altar of an unknown god.
   995 | D:2      | Reached skill level 7 in Bows
  1449 | D:3      | Reached XP level 4. HP: 35/36 MP: 4/4
  1811 | D:3      | Noticed Natasha
  1865 | D:3      | Reached skill level 8 in Bows
  1876 | D:3      | Killed Natasha
  1876 | D:3      | Reached XP level 5. HP: 26/41 MP: 5/5
  2042 | D:3      | Found a burning altar of Makhleb.
  2193 | D:4      | Reached skill level 9 in Bows
  2410 | D:4      | Reached XP level 6. HP: 48/48 MP: 6/6
  2422 | D:4      | Reached skill level 1 in Armour
  2484 | D:4      | Got a slimy leather armour
  2505 | D:4      | Identified the +1 leather armour of Pessimism {rCorr Str+4} (You found it on level 4 of the Dungeon)
  2823 | D:4      | Found a sacrificial altar of Ru.
  2917 | D:5      | Entered Level 5 of the Dungeon
  2929 | D:5      | Reached skill level 10 in Bows
  2950 | D:5      | Found Epleitob's Antique Armour Shoppe.
  3035 | D:5      | Reached XP level 7. HP: 19/55 MP: 7/7
  3452 | D:5      | Reached skill level 11 in Bows
  3820 | D:5      | Noticed Edmund
  3838 | D:5      | Killed Edmund
  4200 | D:6      | Reached skill level 12 in Bows
  4200 | D:6      | Reached XP level 8. HP: 62/62 MP: 8/8
  4247 | D:6      | Found a glowing silver altar of Zin.
  4248 | D:6      | Found Zin's Purification Station.
  4356 | D:6      | Found a staircase to the Ecumenical Temple.
  4366 | Temple   | Entered the Ecumenical Temple
  4442 | Temple   | Became a worshipper of Warmaster Okawaru
  4869 | D:7      | Noticed Prince Ribbit
  5068 | D:7      | Noticed Pikel
  5093 | D:7      | Killed Pikel
  5093 | D:7      | Reached * piety under Okawaru
  5093 | D:7      | Reached skill level 1 in Invocations
  5185 | D:7      | Reached skill level 5 in Fighting
  5304 | D:7      | Noticed Jessica
  5311 | D:7      | Reached skill level 13 in Bows
  5316 | D:7      | Killed Jessica
  5316 | D:7      | Reached XP level 9. HP: 74/74 MP: 10/10
  5324 | D:7      | Found a deep blue altar of Sif Muna.
  5360 | D:7      | Found a radiant altar of Vehumet.
  5369 | D:7      | Reached ** piety under Okawaru
  5374 | D:7      | Found an ancient bone altar of Kikubaaqudgha.
  5378 | D:7      | Found a stormy altar of Qazlal.
  5378 | D:7      | Found a bloodstained altar of Trog.
  5378 | D:7      | Found a snail-covered altar of Cheibriados.
  5808 | D:7      | Killed Prince Ribbit
  6000 | D:8      | Found a burning altar of Makhleb.
  6376 | D:8      | Reached *** piety under Okawaru
  6556 | D:8      | Reached skill level 14 in Bows
  6638 | D:8      | Found a shimmering altar of Xom.
  6749 | D:8      | Noticed a cacodemon
  7013 | D:8      | Gained mutation: You are resistant to hostile enchantments. (MR+) [potion of mutation]
  7013 | D:8      | Gained mutation: You possess an exceptional clarity of mind. [potion of mutation]
  7013 | D:8      | Gained mutation: Your magical capacity is low. (-10% MP) [potion of mutation]
  7013 | D:8      | Gained mutation: You have supernaturally acute eyesight. (SInv) [potion of mutation]
  7033 | D:9      | Received a gift from Okawaru
  7060 | D:9      | Found a staircase to the Lair.
  7345 | D:9      | Reached XP level 10. HP: 85/85 MP: 11/11
  7403 | D:9      | Found a shimmering altar of Xom.
  7669 | D:9      | Noticed an oklob plant
  7716 | D:9      | Found a staircase to the Orcish Mines.
  8338 | Lair:1   | Entered Level 1 of the Lair of Beasts
  8338 | Lair:1   | Noticed an eight-headed hydra
  8376 | D:10     | Entered Level 10 of the Dungeon
  8655 | D:10     | Reached **** piety under Okawaru
  8857 | D:10     | Reached skill level 5 in Armour
  8969 | D:10     | Noticed a two-headed ogre
  9003 | D:10     | Reached skill level 5 in Invocations
  9009 | D:10     | Killed a two-headed ogre
  9011 | D:10     | Received a gift from Okawaru
  9448 | D:11     | Reached skill level 1 in Unarmed Combat
  9497 | D:11     | Noticed a cyan ugly thing
  9524 | D:11     | Killed a cyan ugly thing
  9701 | D:11     | Reached XP level 11. HP: 63/98 MP: 13/13
  9826 | D:11     | Noticed a two-headed ogre
  9851 | D:11     | Killed a two-headed ogre
  9851 | D:11     | Reached ***** piety under Okawaru
  9851 | D:11     | Received a gift from Okawaru
  9851 | D:11     | Reached skill level 10 in Fighting
 10305 | D:11     | Noticed a frost giant
 10359 | D:11     | HP: 4/100 [frost giant/bolt of cold (44)]
 10360 | D:11     | Killed from afar by a frost giant

Vault maps used:
D:1:      minmay_arrival_shattered_statue
D:2:      chequers_ecumenical_altar_island
D:3:      overflow_temple_1_default, first_bread, uniq_natasha
D:4:      nicolae_ru_path_of_blood
D:5:      serial_shops, nicolae_shop_overgrown_old_shop, uniq_edmund
D:6:      wad_pebble_path, zin_purify, minmay_temple_entry_statues_pillars,
          dk_rats_in_the_wall
D:7:      tgw_sif, grunt_temple_overflow_open, uniq_pikel, uniq_prince_ribbit1
D:8:      xom_confusion_cloud, makhleb_altar_promises_db
D:9:      dpeg_oklobed_lair, orc_0_dummy, serial_bayou, serial_bayou_crossing,
          serial_bayou_pond_a, serial_bayou_pond_c, serial_bayou_pond_d,
          lemuel_oklob_altar
D:11:     minmay_coctagon, david_nohive_1, guppyfry_shop_venom
Temple:   nicolae_temple_x_marks_the_god
Lair:1:   cheibrodos_lair_river_kwai, grunt_megastairs_5,
          infiniplex_staircase_pool, uniq_gastronok, uniq_sonja

Skill      XL: |  1  2  3  4  5  6  7  8  9 10 11 |
---------------+----------------------------------+-----
Bows           | 6 7 8 9 10 12 13 14 | 14.1
Armour         | 1 2 3 4 5 |  5.9
Fighting       | 5 7 9 10 | 10.3
Invocations    | 2 4 5 |  5.8
Unarmed Combat | 1 2 |  2.2
Dodging        | |  1.3
Stealth        | |  0.4

Action                   |  1- 3 |  4- 6 |  7- 9 | 10-12 || total
-------------------------+-------+-------+-------+-------++-------
Melee: Short sword       |    14 |       |       |       ||    14
       Kick              |     2 |       |       |       ||     2
       Spear             |       |       |     9 |       ||     9
 Fire: Shortbow          |   128 |   189 |   487 |   449 ||  1253
Invok: Heroism           |       |       |       |     2 ||     2
  Use: Scroll            |     4 |     1 |    16 |     1 ||    22
       Potion            |       |     2 |     6 |     3 ||    11
  Eat: Chunk             |       |     4 |    10 |     5 ||    19
       Fruit             |       |       |       |     2 ||     2
Armor: Leather armour    |    16 |     4 |       |       ||    20
       Scale mail        |       |    34 |    55 |    40 ||   129
       Skin              |       |     3 |    11 |    37 ||    51
Dodge: Dodged            |    17 |    20 |    42 |    28 ||   107

Table legend:
 A = Spawn XP
 B = Non-spawn XP
 C = Spawn XP percentage of total XP
 D = Spawn monster count
 E = Non-spawn monster count
 F = Spawn count percentage of total count
 G = Total turns spent on level
                    A         B        C        D         E        F      G
               +---------+---------+-------+---------+---------+-------+---------
         Total |    2584 |   11089 |  18.9 |      31 |     233 |  11.7 | 10360
               +---------+---------+-------+---------+---------+-------+---------
           D:1 |       8 |      36 |  18.2 |       4 |      19 |  17.4 |   618
           D:2 |       4 |      31 |  11.4 |       2 |      16 |  11.1 |   739
           D:3 |       4 |     118 |   3.3 |       2 |      23 |   8.0 |   724
           D:4 |      13 |     318 |   3.9 |       1 |      17 |   5.6 |   836
           D:5 |       0 |     837 |   0.0 |       0 |      29 |   0.0 |  1105
           D:6 |     106 |     335 |  24.0 |       3 |       8 |  27.3 |   846
           D:7 |     320 |    1410 |  18.5 |       4 |      13 |  23.5 |  1136
           D:8 |       2 |    1486 |   0.1 |       1 |      42 |   2.3 |   929
           D:9 |     206 |    1410 |  12.7 |       3 |      21 |  12.5 |  1357
          D:10 |    1258 |    1818 |  40.9 |       9 |      23 |  28.1 |  1064
          D:11 |     663 |    3290 |  16.8 |       2 |      22 |   8.3 |   920
               +---------+---------+-------+---------+---------+-------+---------
